黄安君输不起就要说人开挂_冬季防线下路

Match 19680787
End
Construct Barracks
Selects Armored Battlegroup
Selects Veteran Crews
1⁄4-ton 4x4 Truck
Riflemen Squad
Riflemen Squad
Mechanized Support Center
Selects Fast Deploy
Riflemen Squad
Construct Motor Pool
M8 Greyhound Armored Car
M8 Greyhound Armored Car
Engineer Squad
Selects M8 Scott SPG
M24 Chaffee Light Tank
Engineer Squad
M24 Chaffee Light Tank
M24 Chaffee Light Tank
Selects M4A3E8 Sherman Combat Group
M4A3E8 Sherman Combat Group
豪师傅
猪突の空降猎女马人
鲨鱼@
奇麗な月の光が
killmars000
.
水银灯
pupupu
0
0

Comments sign in to comment!

No comments posted yet!